NCAA
LOUISIANA STATE TIGERS @ SOUTHERN CALIFORNIA TROJANS
05/19/2024
 
TOP OF THE 1ST
Louisiana State Tigers batting - Pitching for Southern California Trojans : LHP Burt Bryant
Pitching: LHP Burt Bryant
Batting: SHB Arturo Sánchez 0-0: Ground out 5-3 (Groundball, 5L)
Batting: RHB George Arnold 0-0: Ball
1-0: Ball
2-0: Foul Ball, location: 2F
2-1: Swinging Strike
2-2: Hit by Pitch
Batting: RHB Mike O'Brien 0-0: Grounds into double play, 4-6-3 (Groundball, 4)
Top of the 1st over - 0 run(s), 0 hit(s), 0 error(s), 0 left on base; Louisiana State 0 - Southern California 0
BOTTOM OF THE 1ST
Southern California Trojans batting - Pitching for Louisiana State Tigers : RHP Sam McDonald
Pitching: RHP Sam McDonald
Batting: RHB Gabriel Erwin 0-0: Foul Ball, location: 2F
0-1: Ball
1-1: Foul Ball, location: 2F
1-2: Ball
2-2: Ball
3-2: Base on Balls
Batting: LHB Jeff Horton 0-0: Ball
1-0: Swinging Strike
1-1: Foul Ball, location: 2F
1-2: Strikes out swinging
Batting: LHB Scot Chilson 0-0: Ball
1-0: Ball
2-0: Foul Ball, location: 2F
2-1: Called Strike
2-2: Fly out, F7 (Flyball, 78M)
Batting: LHB Thomas Dixon 0-0: Ball
1-0: DOUBLE (Line Drive, 3L)
Gabriel Erwin to third
Runner from 3rd tries for Home, SAFE, no throw or cutoff
Batting: RHB José Martínez 0-0: Ground out 6-3 (Groundball, 6M)
Bottom of the 1st over - 1 run(s), 1 hit(s), 0 error(s), 1 left on base; Louisiana State 0 - Southern California 1
TOP OF THE 2ND
Louisiana State Tigers batting - Pitching for Southern California Trojans : LHP Burt Bryant
Batting: RHB Clint Younger 0-0: Foul Ball, location: 2F
0-1: Ball
1-1: Called Strike
1-2: Fly out, F7 (Line Drive, 7M)
Batting: RHB Chris McBride 0-0: Foul Ball, location: 2F
0-1: Ball
1-1: Ball
2-1: Swinging Strike
2-2: Strikes out looking
Batting: LHB Joaquín Ochoa 0-0: Foul Ball, location: 2F
0-1: Ball
1-1: Foul Ball, location: 2F
1-2: Foul Ball, location: 2F
1-2: Fly out, F8 (Flyball, 8LM)
Top of the 2nd over - 0 run(s), 0 hit(s), 0 error(s), 0 left on base; Louisiana State 0 - Southern California 1
BOTTOM OF THE 2ND
Southern California Trojans batting - Pitching for Louisiana State Tigers : RHP Sam McDonald
Batting: LHB Mike Davis 0-0: Foul Ball, location: 2F
0-1: Ground out 6-3 (Groundball, 6M)
Batting: RHB Patrick Daniels 0-0: Called Strike
0-1: Swinging Strike
0-2: Ground out 5-3 (Groundball, 5L)
Batting: RHB Marvin Johnson 0-0: Fly out, F6 (Popup, 6D)
Bottom of the 2nd over - 0 run(s), 0 hit(s), 0 error(s), 0 left on base; Louisiana State 0 - Southern California 1
TOP OF THE 3RD
Louisiana State Tigers batting - Pitching for Southern California Trojans : LHP Burt Bryant
Batting: RHB Jesús Sandoval 0-0: Ball
1-0: Ball
2-0: Swinging Strike
2-1: Ball
3-1: Foul Ball, location: 2F
3-2: Strikes out swinging
Batting: RHB Gary Sullivan 0-0: Ball
1-0: Foul Ball, location: 2F
1-1: Foul Ball, location: 2F
1-2: Strikes out swinging
Batting: RHB Sergio Mata 0-0: Called Strike
0-1: Called Strike
0-2: Strikes out looking
Top of the 3rd over - 0 run(s), 0 hit(s), 0 error(s), 0 left on base; Louisiana State 0 - Southern California 1
BOTTOM OF THE 3RD
Southern California Trojans batting - Pitching for Louisiana State Tigers : RHP Sam McDonald
Batting: RHB Roy MacCluskie 0-0: Ball
1-0: Ball
2-0: Ball
3-0: Base on Balls
Batting: RHB Gabriel Erwin 0-0: Foul Ball, location: 2F
0-1: Ball
1-1: Called Strike
1-2: Ball
2-2: Ball
3-2: Base on Balls
Roy MacCluskie to second
Batting: LHB Jeff Horton 0-0: Called Strike
0-1: Ball
1-1: Ball
2-1: Ball
3-1: Base on Balls
Roy MacCluskie to third
Gabriel Erwin to second
Batting: LHB Scot Chilson 0-0: Called Strike
0-1: Swinging Strike
0-2: Ball
1-2: Fly out, F7 (Flyball, 7M)
Runner from 3rd tags up, SCORES, no throw
Batting: LHB Thomas Dixon 0-0: Ball
1-0: Ball
2-0: Called Strike
2-1: Called Strike
2-2: Ball
3-2: Foul Ball, location: 2F
3-2: Base on Balls
Gabriel Erwin to third
Jeff Horton to second
Batting: RHB José Martínez 0-0: Called Strike
0-1: Called Strike
0-2: Ball
1-2: Strikes out looking
Batting: LHB Mike Davis 0-0: Ball
1-0: SINGLE (Groundball, 4M)
Gabriel Erwin scores
Jeff Horton to third
Thomas Dixon to second
Runner from 3rd tries for Home, SAFE, no throw or cutoff
Batting: RHB Patrick Daniels 0-0: Ball
1-0: Ball
2-0: Called Strike
2-1: Foul Ball, location: 2F
2-2: Strikes out looking
Bottom of the 3rd over - 3 run(s), 1 hit(s), 0 error(s), 2 left on base; Louisiana State 0 - Southern California 4
TOP OF THE 4TH
Louisiana State Tigers batting - Pitching for Southern California Trojans : LHP Burt Bryant
Batting: SHB Arturo Sánchez 0-0: Called Strike
0-1: Swinging Strike
0-2: Ball
1-2: Ball
2-2: Ball
3-2: Base on Balls
Batting: RHB George Arnold 0-0: Ball
1-0: Foul Ball, location: 2F
1-1: Swinging Strike
1-2: Strikes out looking
Batting: RHB Mike O'Brien 0-0: Called Strike
0-1: Ball
1-1: Foul Ball, location: 2F
1-2: Fly out, F8 (Flyball, 8RD)
Batting: RHB Clint Younger 0-0: Ball
1-0: Called Strike
1-1: Foul Ball, location: 2F
1-2: Fly out, F2 (Popup, 13S)
Top of the 4th over - 0 run(s), 0 hit(s), 0 error(s), 1 left on base; Louisiana State 0 - Southern California 4
BOTTOM OF THE 4TH
Southern California Trojans batting - Pitching for Louisiana State Tigers : RHP Sam McDonald
Batting: RHB Marvin Johnson 0-0: Ball
1-0: Ball
2-0: Ground out 6-3 (Groundball, 6)
Batting: RHB Roy MacCluskie 0-0: Ball
1-0: Ball
2-0: Ball
3-0: Base on Balls
Batting: RHB Gabriel Erwin 0-0: Ball
1-0: Foul Ball, location: 2F
1-1: Grounds into double play, 6-4-3 (Groundball, 6)
Bottom of the 4th over - 0 run(s), 0 hit(s), 0 error(s), 0 left on base; Louisiana State 0 - Southern California 4
TOP OF THE 5TH
Louisiana State Tigers batting - Pitching for Southern California Trojans : LHP Burt Bryant
Batting: RHB Chris McBride 0-0: Called Strike
0-1: Swinging Strike
0-2: Strikes out swinging
Batting: LHB Joaquín Ochoa 0-0: Swinging Strike
0-1: Foul Ball, location: 2F
0-2: Ball
1-2: Strikes out swinging
Batting: RHB Jesús Sandoval 0-0: Ball
1-0: Swinging Strike
1-1: Ball
2-1: SINGLE (Flyball, 9LS)
Batting: RHB Gary Sullivan 0-0: Called Strike
0-1: Ball
1-1: Ball
2-1: Swinging Strike
2-2: Ball
3-2: SINGLE (Groundball, 56)
Jesús Sandoval to second
Jesús Sandoval to third
Batting: RHB Sergio Mata 0-0: Called Strike
0-1: Called Strike
0-2: Strikes out looking
Top of the 5th over - 0 run(s), 2 hit(s), 0 error(s), 2 left on base; Louisiana State 0 - Southern California 4
BOTTOM OF THE 5TH
Southern California Trojans batting - Pitching for Louisiana State Tigers : RHP Sam McDonald
Batting: LHB Jeff Horton 0-0: Ball
1-0: Fly out, F8 (Flyball, 8LM)
Batting: LHB Scot Chilson 0-0: Swinging Strike
0-1: Fly out, F7 (Flyball, 78M)
Batting: LHB Thomas Dixon 0-0: DOUBLE (Line Drive, 9LS)
Pitching: RHP Bernard Rose
Batting: RHB José Martínez 0-0: Ball
1-0: Foul Ball, location: 2F
1-1: Ball
2-1: Ball
3-1: Foul Ball, location: 2F
3-2: Base on Balls
Batting: LHB Mike Davis 0-0: Called Strike
0-1: Foul Ball, location: 2F
0-2: Ball
1-2: Foul Ball, location: 2F
1-2: Foul Ball, location: 2F
1-2: Hit by Pitch
Thomas Dixon to third
José Martínez to second
Batting: RHB Patrick Daniels 0-0: Ball
1-0: Foul Ball, location: 2F
1-1: Foul Ball, location: 2F
1-2: Ball
2-2: Ball
3-2: Base on Balls
Thomas Dixon scores
José Martínez to third
Mike Davis to second
Batting: RHB Marvin Johnson 0-0: Called Strike
0-1: Called Strike
0-2: Strikes out looking
Bottom of the 5th over - 1 run(s), 1 hit(s), 0 error(s), 3 left on base; Louisiana State 0 - Southern California 5
TOP OF THE 6TH
Louisiana State Tigers batting - Pitching for Southern California Trojans : LHP Burt Bryant
Batting: SHB Arturo Sánchez 0-0: Foul Ball, location: 2F
0-1: Ball
1-1: SOLO HOME RUN (Flyball, 7LD), Distance : 322 ft
Batting: RHB George Arnold 0-0: Ball
1-0: Called Strike
1-1: Foul Ball, location: 2F
1-2: Ball
2-2: Ground out 5-3 (Groundball, 5)
Pitching: LHP Darren Russell
Batting: RHB Mike O'Brien 0-0: SOLO HOME RUN (Flyball, 9D), Distance : 369 ft
Batting: RHB Clint Younger 0-0: Ball
1-0: SOLO HOME RUN (Flyball, 8LXD), Distance : 408 ft
Batting: RHB Chris McBride 0-0: Foul Ball, location: 2F
0-1: Swinging Strike
0-2: Ball
1-2: SINGLE (Groundball, 5D)
Batting: LHB Joaquín Ochoa 0-0: Called Strike
0-1: Foul Ball, location: 2F
0-2: Strikes out swinging
Batting: RHB Jesús Sandoval 0-0: Ball
1-0: Called Strike
1-1: Swinging Strike
1-2: Fly out, F9 (Popup, 9S)
Top of the 6th over - 3 run(s), 4 hit(s), 0 error(s), 1 left on base; Louisiana State 3 - Southern California 5
BOTTOM OF THE 6TH
Southern California Trojans batting - Pitching for Louisiana State Tigers : RHP Bernard Rose
Batting: RHB Roy MacCluskie 0-0: Foul Ball, location: 2F
0-1: SOLO HOME RUN (Flyball, 9D), Distance : 367 ft
Batting: RHB Gabriel Erwin 0-0: Ball
1-0: Called Strike
1-1: Ball
2-1: Foul Ball, location: 2F
2-2: Ball
3-2: Base on Balls
Batting: LHB Jeff Horton 0-0: SINGLE (Line Drive, 78S)
Gabriel Erwin to second
Batting: LHB Scot Chilson 0-0: Ball
1-0: Called Strike
1-1: Called Strike
1-2: Ball
2-2: Foul Ball, location: 2F
2-2: Strikes out looking
Batting: LHB Thomas Dixon 0-0: Called Strike
0-1: Ball
1-1: Called Strike
1-2: Fly out, F9 (Flyball, 9S)
Batting: RHB José Martínez 0-0: Called Strike
0-1: Foul Ball, location: 2F
0-2: Ball
1-2: Ball
2-2: Ball
3-2: Foul Ball, location: 2F
3-2: Base on Balls
Gabriel Erwin to third
Jeff Horton to second
Batting: LHB Mike Davis 0-0: Called Strike
0-1: Swinging Strike
0-2: Strikes out swinging
Bottom of the 6th over - 1 run(s), 2 hit(s), 0 error(s), 3 left on base; Louisiana State 3 - Southern California 6
TOP OF THE 7TH
Louisiana State Tigers batting - Pitching for Southern California Trojans : LHP Darren Russell
Batting: RHB Gary Sullivan 0-0: Ball
1-0: Called Strike
1-1: Foul Ball, location: 2F
1-2: Foul Ball, location: 2F
1-2: Ball
2-2: Ball
3-2: Strikes out swinging
Batting: RHB Sergio Mata 0-0: Fly out, F3 (Popup, 3SF)
Batting: SHB Arturo Sánchez 0-0: Fly out, F7 (Flyball, 7S)
Top of the 7th over - 0 run(s), 0 hit(s), 0 error(s), 0 left on base; Louisiana State 3 - Southern California 6
BOTTOM OF THE 7TH
Southern California Trojans batting - Pitching for Louisiana State Tigers : RHP Bernard Rose
Batting: RHB Patrick Daniels 0-0: Swinging Strike
0-1: Fly out, F6 (Line Drive, 6)
Pitching: RHP Tony King
Batting: RHB Marvin Johnson 0-0: Ball
1-0: Ball
2-0: Ground out 5-3 (Groundball, 5S)
Batting: RHB Roy MacCluskie 0-0: Called Strike
0-1: Swinging Strike
0-2: Ball
1-2: Foul Ball, location: 2F
1-2: Ground out U3 (Groundball, 3)
Bottom of the 7th over - 0 run(s), 0 hit(s), 0 error(s), 0 left on base; Louisiana State 3 - Southern California 6
TOP OF THE 8TH
Louisiana State Tigers batting - Pitching for Southern California Trojans : LHP Darren Russell
Pitching: LHP Al McGuire
Batting: RHB George Arnold 0-0: Called Strike
0-1: Swinging Strike
0-2: Ball
1-2: SINGLE (Groundball, 56D)
Batting: RHB Mike O'Brien 0-0: Ball
1-0: Foul Ball, location: 2F
1-1: SINGLE (Line Drive, 34)
George Arnold to second
Runner from 2nd tries for 3rd, SAFE, throw made to third
Batting: RHB Clint Younger 0-0: Ball
1-0: Called Strike
1-1: Foul Ball, location: 2F
1-2: Ball
2-2: DOUBLE (Groundball, 5L)
George Arnold scores
Mike O'Brien to third
Batting: RHB Chris McBride 0-0: Ball
1-0: Foul Ball, location: 2F
1-1: Foul Ball, location: 2F
1-2: Ball
2-2: Fly out, F9 (Flyball, 9M)
Runner from 3rd tags up, SCORES, throw made
Pitching: LHP César Ruíz
Batting: LHB Joaquín Ochoa 0-0: Ball
1-0: Ball
2-0: Called Strike
2-1: Ball
3-1: Base on Balls
Batting: RHB Jesús Sandoval 0-0: Called Strike
0-1: Called Strike
0-2: Ball
1-2: Ball
2-2: Strikes out looking
Batting: RHB Gary Sullivan 0-0: Ball
1-0: Called Strike
1-1: Swinging Strike
1-2: Strikes out swinging
Top of the 8th over - 2 run(s), 3 hit(s), 0 error(s), 2 left on base; Louisiana State 5 - Southern California 6
BOTTOM OF THE 8TH
Southern California Trojans batting - Pitching for Louisiana State Tigers : RHP Tony King
Batting: RHB Gabriel Erwin 0-0: Fly out, F6 (Line Drive, 6M)
Batting: LHB Jeff Horton 0-0: Ball
1-0: Fly out, F6 (Popup, 5L)
Batting: LHB Scot Chilson 0-0: Called Strike
0-1: Called Strike
0-2: Foul Ball, location: 2F
0-2: Foul Ball, location: 2F
0-2: Ground out U3 (Groundball, 3L)
Bottom of the 8th over - 0 run(s), 0 hit(s), 0 error(s), 0 left on base; Louisiana State 5 - Southern California 6
TOP OF THE 9TH
Louisiana State Tigers batting - Pitching for Southern California Trojans : LHP César Ruíz
Now in LF: Roberto Barrón
Batting: RHB Sergio Mata 0-0: Ball
1-0: Ball
2-0: Swinging Strike
2-1: Swinging Strike
2-2: Ball
3-2: Base on Balls
Batting: SHB Arturo Sánchez 0-0: Called Strike
0-1: Ball
1-1: Ball
2-1: Foul Ball, location: 2F
2-2: Ball
3-2: Ground out 5-3 (Groundball, 56S)
Sergio Mata to second
Batting: RHB George Arnold 0-0: Foul Ball, location: 2F
0-1: SINGLE (Line Drive, 7S)
Sergio Mata to third
Runner from 3rd tries for Home, SAFE, no throw or cutoff
Pitching: LHP Mark De Jesús
Batting: RHB Mike O'Brien 0-0: Called Strike
0-1: Foul Ball, location: 2F
0-2: Strikes out swinging
Batting: RHB Clint Younger 0-0: Called Strike
0-1: Ball
1-1: Called Strike
1-2: Strikes out looking
Top of the 9th over - 1 run(s), 1 hit(s), 0 error(s), 1 left on base; Louisiana State 6 - Southern California 6
BOTTOM OF THE 9TH
Southern California Trojans batting - Pitching for Louisiana State Tigers : RHP Tony King
Batting: LHB Thomas Dixon 0-0: Ball
1-0: Foul Ball, location: 2F
1-1: SINGLE (Groundball, 25) (infield hit)
Batting: RHB José Martínez 0-0: Ball
Thomas Dixon is caught stealing 2nd base
1-0: Ground out 5-3 (Groundball, 5)
Batting: LHB Mike Davis 0-0: Swinging Strike
0-1: Foul Ball, location: 2F
0-2: Fly out, F6 (Popup, 56D)
Bottom of the 9th over - 0 run(s), 1 hit(s), 0 error(s), 0 left on base; Louisiana State 6 - Southern California 6
TOP OF THE 10TH
Louisiana State Tigers batting - Pitching for Southern California Trojans : LHP Mark De Jesús
Batting: RHB Chris McBride 0-0: Called Strike
0-1: Ball
1-1: Foul Ball, location: 2F
1-2: Ball
2-2: Foul Ball, location: 2F
2-2: Foul Ball, location: 2F
2-2: Foul Ball, location: 2F
2-2: Ball
3-2: Foul Ball, location: 2F
3-2: Base on Balls
Batting: LHB Joaquín Ochoa 0-0: Ball
1-0: Sac Bunt - play at first, batter OUT! 1-4
Chris McBride to second
Batting: RHB Jesús Sandoval 0-0: Ball
1-0: Ball
Chris McBride is caught stealing 3rd base
2-0: Called Strike
2-1: SINGLE (Groundball, 56D)
Pinch Runner at 1st Juan Carlos Ortega:
Batting: RHB Gary Sullivan 0-0: Ball
1-0: Ball
2-0: Called Strike
2-1: Swinging Strike
2-2: Ball
3-2: Base on Balls
Juan Carlos Ortega to second
Batting: RHB Sergio Mata 0-0: Fielders Choice at 2nd, U6 (Groundball, 6M)
Top of the 10th over - 0 run(s), 1 hit(s), 0 error(s), 2 left on base; Louisiana State 6 - Southern California 6
BOTTOM OF THE 10TH
Southern California Trojans batting - Pitching for Louisiana State Tigers : RHP Tony King
Now in CF: Juan Carlos Ortega
Pinch Hitting: LHB Wade Toland 0-0: Called Strike
0-1: Called Strike
0-2: Ball
1-2: Ground out 4-3 (Groundball, 4M)
Batting: RHB Marvin Johnson 0-0: Ball
1-0: Foul Ball, location: 2F
1-1: Fly out, F8 (Flyball, 8LM)
Batting: RHB Roy MacCluskie 0-0: Called Strike
0-1: Ball
1-1: Foul Ball, location: 2F
1-2: Strikes out swinging
Bottom of the 10th over - 0 run(s), 0 hit(s), 0 error(s), 0 left on base; Louisiana State 6 - Southern California 6
TOP OF THE 11TH
Louisiana State Tigers batting - Pitching for Southern California Trojans : LHP Mark De Jesús
Now in RF: Wade Toland
Batting: SHB Arturo Sánchez 0-0: Called Strike
0-1: Ball
1-1: SINGLE (Groundball, 3D) (infield hit)
Pitching: LHP Jason MacNeill
Batting: RHB George Arnold 0-0: Ball
1-0: Called Strike
1-1: Swinging Strike
1-2: Strikes out looking
Batting: RHB Mike O'Brien 0-0: Ball
1-0: Ball
2-0: Called Strike
2-1: Called Strike
2-2: Ball
3-2: Strikes out looking
Batting: RHB Clint Younger 0-0: Called Strike
Arturo Sánchez is caught stealing 2nd base
Top of the 11th over - 0 run(s), 1 hit(s), 0 error(s), 0 left on base; Louisiana State 6 - Southern California 6
BOTTOM OF THE 11TH
Southern California Trojans batting - Pitching for Louisiana State Tigers : RHP Tony King
Batting: RHB Gabriel Erwin 0-0: Foul Ball, location: 2F
0-1: Ball
1-1: Ball
2-1: Ground out 5-3 (Groundball, 56)
Pitching: RHP Pedro Soto
Batting: LHB Jeff Horton 0-0: Swinging Strike
0-1: Ball
1-1: Ball
2-1: Ball
3-1: Base on Balls
Batting: LHB Scot Chilson 0-0: Swinging Strike
0-1: Swinging Strike
0-2: Ball
1-2: Ball
2-2: Strikes out swinging
Batting: LHB Thomas Dixon 0-0: Ball
Jeff Horton steals 2nd base
1-0: Ball
2-0: Called Strike
2-1: Ground out 4-3 (Groundball, 4)
Bottom of the 11th over - 0 run(s), 0 hit(s), 0 error(s), 1 left on base; Louisiana State 6 - Southern California 6
TOP OF THE 12TH
Louisiana State Tigers batting - Pitching for Southern California Trojans : LHP Jason MacNeill
Batting: RHB Clint Younger 0-0: Called Strike
0-1: Ball
1-1: Ball
2-1: Fly out, F6 (Popup, 6MS)
Batting: RHB Chris McBride 0-0: Ball
1-0: Called Strike
1-1: Ball
2-1: Foul Ball, location: 2F
2-2: Ball
3-2: Base on Balls
Pitching: LHP Alan Smith
Batting: LHB Joaquín Ochoa 0-0: Called Strike
Balk!
Chris McBride to second
0-1: Ball
1-1: Intentional Walk
Pinch Hitting: RHB Willie Townsend 0-0: Ball
1-0: Foul Ball, location: 2F
1-1: Swinging Strike
1-2: Ball
2-2: Foul Ball, location: 2F
2-2: Strikes out swinging
Batting: RHB Gary Sullivan 0-0: Ball
1-0: Called Strike
1-1: DOUBLE (Flyball, 78XD)
Chris McBride scores
Joaquín Ochoa to third
Batting: RHB Sergio Mata 0-0: Fly out, F3 (Popup, 3)
Top of the 12th over - 1 run(s), 1 hit(s), 0 error(s), 2 left on base; Louisiana State 7 - Southern California 6
BOTTOM OF THE 12TH
Southern California Trojans batting - Pitching for Louisiana State Tigers : RHP Pedro Soto
Now in CF: Willie Townsend
Batting: RHB José Martínez 0-0: Foul Ball, location: 2F
0-1: Foul Ball, location: 2F
0-2: Strikes out swinging
Batting: LHB Mike Davis 0-0: Ball
1-0: Called Strike
1-1: SINGLE (Line Drive, 34D)
Batting: LHB Wade Toland 0-0: Fly out, F4 (Popup, 4M)
Batting: RHB Marvin Johnson 0-0: Swinging Strike
0-1: Ball
1-1: Foul Ball, location: 2F
1-2: Ball
2-2: SINGLE (Line Drive, 8LS)
Mike Davis to second
Batting: RHB Roy MacCluskie 0-0: Called Strike
0-1: Ball
1-1: Swinging Strike
1-2: Ball
2-2: Foul Ball, location: 2F
2-2: SINGLE (Line Drive, 8RS)
Mike Davis to third
Marvin Johnson to second
Runner from 3rd tries for Home, SAFE, no throw or cutoff
Batting: RHB Gabriel Erwin 0-0: Foul Ball, location: 2F
0-1: Foul Ball, location: 2F
0-2: Strikes out swinging
Bottom of the 12th over - 1 run(s), 3 hit(s), 0 error(s), 2 left on base; Louisiana State 7 - Southern California 7
TOP OF THE 13TH
Louisiana State Tigers batting - Pitching for Southern California Trojans : LHP Alan Smith
Batting: SHB Arturo Sánchez 0-0: Foul Ball, location: 2F
0-1: Fly out, F9 (Flyball, 89M)
Batting: RHB George Arnold 0-0: Ball
1-0: Swinging Strike
1-1: Ball
2-1: Called Strike
2-2: SOLO HOME RUN (Flyball, 7D), Distance : 345 ft
Batting: RHB Mike O'Brien 0-0: SINGLE (Line Drive, 56D)
Batting: RHB Clint Younger 0-0: Ball
1-0: Fly out, F9 (Flyball, 89M)
Batting: RHB Chris McBride 0-0: Ball
Wild Pitch!
Mike O'Brien to second
1-0: Ball
2-0: Called Strike
2-1: Swinging Strike
2-2: Ball
3-2: Foul Ball, location: 2F
3-2: Base on Balls
Batting: LHB Joaquín Ochoa 0-0: Ball
1-0: Fielders Choice at 2nd, U6 (Groundball, 6M)
Top of the 13th over - 1 run(s), 2 hit(s), 0 error(s), 2 left on base; Louisiana State 8 - Southern California 7
BOTTOM OF THE 13TH
Southern California Trojans batting - Pitching for Louisiana State Tigers : RHP Pedro Soto
Batting: LHB Jeff Horton 0-0: Ball
1-0: Ball
2-0: Ball
3-0: Called Strike
3-1: Called Strike
3-2: Foul Ball, location: 2F
3-2: Base on Balls
Batting: LHB Scot Chilson 0-0: Foul Ball, location: 2F
0-1: Ball
1-1: SINGLE (Line Drive, 4D)
Jeff Horton to second
Batting: LHB Thomas Dixon 0-0: Foul Ball, location: 2F
0-1: Called Strike
0-2: Ball
1-2: Fly out, F4 (Popup, 4S)
Pitching: RHP Todd Scott
Batting: RHB José Martínez 0-0: Ball
1-0: Foul Ball, location: 2F
1-1: Foul Ball, location: 2F
1-2: Foul Ball, location: 2F
1-2: Strikes out looking
Batting: LHB Mike Davis 0-0: Ball
1-0: Ground out 4-3 (Groundball, 4)
Bottom of the 13th over - 0 run(s), 1 hit(s), 0 error(s), 2 left on base; Louisiana State 8 - Southern California 7
This league is powered by Out of the Park Baseball, the baseball management simulation game for PC, Mac and Linux
Saturday, April 9th, 2016 - OOTP Baseball 16.8 Build 38